[Event "79th LOTTO Polish-ch 2022"]
[Site "Kruszwica"]
[Date "2022.05.11"]
[Round "2.1"]
[White "Sabuk, Piotr"]
[Black "Licznerski, Lukasz"]
[Result "1/2-1/2"]
[ECO "D10"]
[WhiteElo "2420"]
[BlackElo "2439"]
[Annotator "TA"]
[PlyCount "174"]
[EventDate "2022.05.10"]
[EventType "k.o."]
[EventCountry "POL"]
[SourceTitle "playchess.com"]
[Source "ChessBase"]
[SourceQuality "1"]
[TimeControl "40/5400+30:1800+30"]

1. d4 d5 2. c4 c6 3. cxd5 cxd5 4. Bf4 Nc6 5. e3 e6 6. Nc3 {[%emt 0:01:03] D10: Slav Defence: 3 cxd5 (without early Nf3) and 3 Nc3.} Bd6 $1 {[%emt 0:00:32] The main line 6...Bd6 scores better than 6...Nf6.} 7. Bxd6 Qxd6 8. f4 {[%emt 0:00:20] White is slightly better.} Nge7 9. Nf3 f6 10. Bd3 Bd7 11. O-O O-O 12. Qe1 {[%emt 0:12:50] [#]} Rac8 $146 ({Predecessor:} 12... Be8 13. Qh4 Bg6 14. Bxg6 Nxg6 15. Qh5 Rac8 16. Rae1 Na5 17. f5 exf5 18. Qxf5 Ne7 {1-0 (34) Studer,N (2581)-Kamsky,G (2658) Biel 2021}) 13. Rd1 Be8 14. Kh1 Bg6 15. e4 dxe4 16. Bxe4 Nd5 17. f5 (17. Nxd5 $11 exd5 18. Bxg6 hxg6 19. Nh4) 17... Nxc3 $17 (17... Bxf5 $6 18. Nxd5 Bxe4 19. Nxf6+ Rxf6 20. Qxe4 $11) 18. bxc3 exf5 19. Bd3 Rfe8 20. Qd2 f4 21. Bb5 a6 22. Ba4 Bf7 23. Nh4 b5 24. Nf5 Qc7 25. Bb3 Ne7 26. Nxe7+ Rxe7 27. d5 {[%emt 0:00:55] d6 is the strong threat.} Qxc3 28. Qxf4 {[%emt 0:00:34] And now Rc1 would win.} Rd8 29. Rc1 Qe5 30. Qb4 ({But not} 30. d6 $2 Qxf4 31. dxe7 Qxf1+ $3 32. Rxf1 Re8 $19) 30... Rc7 (30... Bxd5 $2 31. Rce1 Qxe1 32. Rxe1 Rxe1+ 33. Qxe1 Bxb3 34. axb3 $18) ({Black should try} 30... Qd6 $17 31. Qxd6 Rxd6 32. Rc8+ Re8) 31. Qa5 $11 Rcd7 32. Qxa6 Bxd5 33. Qxb5 h5 34. Rfe1 Qg5 35. Bxd5+ Rxd5 36. Re8+ {[%emt 0:01:18] [#]} (36. Qb3 $11 {remains equal.}) 36... Kf7 $1 $17 37. Rc7+ Kg6 38. Qb1+ Kh6 ({Black should play} 38... Qf5 $17 39. Qxf5+ Rxf5) 39. Rxd8 $15 Rxd8 {[%emt 0:00:03][%mdl 4096] Endgame KQR-KQR} 40. Rc2 Qg4 {[%emt 0:00:00] ( -> ...Rd1+)} 41. Rc1 {[%emt 0:05:19] Against Rd1+} Rd2 42. Rg1 Qd4 (42... Qc4 $15 43. a3 Ra2 44. Qc1+ Qxc1 45. Rxc1 Rxa3) 43. h3 (43. Qc1 $1 $11 Qd5 44. a4) 43... Qd5 (43... Qc4 $1 $15) 44. Qb3 (44. Qc1 $11) 44... Qxb3 45. axb3 {[%emt 0:00:01] KR-KR} Rb2 {[%emt 0:00:01] Prevents Rb1.} 46. Rc1 Rxb3 47. h4 Rb4 48. g3 Rb2 49. Rc5 Kg6 50. Kg1 Re2 51. Ra5 Re5 52. Ra7 Re2 53. Ra5 $1 Re7 54. Kf2 Kh6 55. Kf3 g6 56. Ra6 Kg7 57. Rb6 Kf7 58. Ra6 Rd7 59. Rb6 Ke7 60. Ra6 Rd6 61. Ra4 Rc6 62. Kf4 Ke6 63. Re4+ Kd5 {[%emt 0:00:22] aiming for ...Rc4.} 64. Re8 Rc4+ 65. Kf3 Rg4 66. Re7 f5 67. Rg7 Ke6 68. Rg8 f4 69. gxf4 {[%emt 0:00:39] The position is equal.} Kf7 70. Ra8 Rxh4 71. Ra7+ Kf6 72. Ra6+ Kg7 73. Ra7+ Kh6 74. Ra6 Kg7 75. Ra7+ Kf6 76. Ra6+ Kf7 (76... Kf5 $5 77. Ra5+ Kf6 $11) 77. Ra7+ Ke8 78. Ra8+ Kd7 79. Ra7+ Kd8 80. Ra8+ Kc7 81. Ra7+ Kb6 82. Rh7 Kc5 83. Rh6 Rg4 84. f5 gxf5 85. Rxh5 Rd4 86. Rxf5+ Rd5 87. Rxd5+ Kxd5 {[%emt 0:00:01] White happily takes the draw.  Weighted Error Value: White=0.13 (very precise) /Black=0.11 (very precise)} 1/2-1/2

[Event "79th LOTTO Polish-ch 2022"]
[Site "Kruszwica"]
[Date "2022.05.12"]
[Round "2.2"]
[White "Wojtaszek, Radoslaw"]
[Black "Gajewski, Grzegorz"]
[Result "1-0"]
[ECO "E11"]
[WhiteElo "2696"]
[BlackElo "2589"]
[Annotator "TA"]
[PlyCount "61"]
[EventDate "2022.05.10"]
[EventType "k.o."]
[EventCountry "POL"]
[SourceTitle "playchess.com"]
[Source "ChessBase"]
[SourceQuality "1"]
[TimeControl "40/5400+30:1800+30"]

1. d4 Nf6 2. c4 e6 3. Nf3 Bb4+ 4. Bd2 Be7 5. g3 a6 6. Bg2 {[%emt 0:08:02] E11: Bogo-Indian.} b5 {[%emt 0:00:37] [#]} 7. Qb3 $146 ({Predecessor:} 7. b3 Bb7 8. O-O O-O 9. Nc3 Ne4 10. Ne5 Nxc3 11. Bxc3 Bxg2 12. Kxg2 f5 13. Qd3 {1-0 (37) Rozum,I (2586)-Morozevich,A (2665) Sochi 2017}) 7... Nc6 8. O-O {[%emt 0:02:23] The position is equal.} Rb8 9. c5 (9. Re1 $5 ) 9... d6 10. cxd6 cxd6 11. Rc1 Bb7 12. a4 b4 13. Qd3 O-O 14. Bg5 e5 15. Bxf6 Bxf6 16. Nbd2 d5 {[%emt 0:03:35] ...e4 is the strong threat.} 17. dxe5 Nxe5 18. Nxe5 Bxe5 19. Rab1 Qf6 20. Qb3 a5 21. Nf3 (21. e3 $5 ) 21... Bd6 22. e3 Rbc8 23. Nd4 Qe5 24. Qd3 Qe8 25. Rxc8 Qxc8 26. Nf5 ({Better is} 26. Nb3) 26... Rd8 $16 27. Bxd5 Ba6 {[%emt 0:04:17] [#]} 28. Qe4 $40 {[%emt 0:00:06][%mdl 128] White has strong attack.} Bf8 {[%emt 0:00:03] Strongly threatening ...Qc5.} 29. Nd4 {[%emt 0:00:32] 0x0.00288dfd33ecdp-1022s more active pieces.} Qc5 $2 {[%emt 0:01:31] [#]} (29... Qd7 $16) 30. Bxf7+ $1 $18 Kh8 31. Bb3 {[%emt 0:04:08] Weighted Error Value: White=0.08 (flawless) /Black=0.21 (precise)} 1-0

[Event "79th LOTTO Polish-ch 2022"]
[Site "Kruszwica"]
[Date "2022.05.12"]
[Round "2.2"]
[White "Piorun, Kacper"]
[Black "Teclaf, Pawel"]
[Result "1/2-1/2"]
[ECO "D27"]
[WhiteElo "2635"]
[BlackElo "2537"]
[Annotator "TA"]
[PlyCount "69"]
[EventDate "2022.05.10"]
[EventType "k.o."]
[EventCountry "POL"]
[SourceTitle "playchess.com"]
[Source "ChessBase"]
[SourceQuality "1"]
[TimeControl "40/5400+30:1800+30"]

1. d4 d5 2. c4 dxc4 3. e3 e6 4. Bxc4 Nf6 5. Nf3 c5 6. O-O a6 7. Nbd2 Nc6 {[%emt 0:04:12][%cal Rc5d4] D27: Queen's Gambit Accepted: Classical main line: 7 e4!? and 7 a4.} 8. dxc5 Bxc5 9. b3 b5 10. Be2 Bb7 11. Bb2 O-O {[%emt 0:00:53] [#]} 12. a4 $146 ({Predecessor:} 12. Qc2 Be7 13. Rad1 Qa5 14. a3 Rac8 15. Qb1 b4 16. Nc4 Qc5 17. axb4 Nxb4 18. Bd4 {0-1 (38) Ibragimov,I (2575)-Prasad,D (2445) Linares 1996}) 12... Qb6 13. Qb1 Be7 14. axb5 (14. Ne4 {is more complex.} Nxe4 15. Qxe4 bxa4 16. Qg4) 14... axb5 {[%emt 0:00:07] The position is equal.} 15. Qd3 Ba6 16. Rfc1 Rfd8 17. Qb1 Bb7 18. Nd4 Bc5 19. N2f3 Nxd4 20. Bxd4 Bxd4 21. Rxa8 Bxa8 22. Nxd4 b4 23. Qc2 Nd5 24. Qc5 Qxc5 25. Rxc5 Nc3 26. Bf3 h6 27. h3 Bxf3 28. gxf3 $11 {[%emt 0:00:08][%mdl 4096] Endgame KRN-KRN} Ra8 29. Nc2 Ne2+ 30. Kg2 Nc1 31. Nxb4 Nxb3 32. Rc3 Na5 33. Nd3 Rd8 34. Ne5 f6 35. Nc6 {[%emt 0:01:28] Weighted Error Value: White=0.05 (flawless) /Black=0.03 (flawless)} 1/2-1/2

[Event "79th LOTTO Polish-ch 2022"]
[Site "Kruszwica"]
[Date "2022.05.12"]
[Round "2.2"]
[White "Bartel, Mateusz"]
[Black "Moranda, Wojciech"]
[Result "1/2-1/2"]
[ECO "B13"]
[WhiteElo "2619"]
[BlackElo "2630"]
[Annotator "TA"]
[PlyCount "106"]
[EventDate "2022.05.10"]
[EventType "k.o."]
[EventCountry "POL"]
[SourceTitle "playchess.com"]
[Source "ChessBase"]
[SourceQuality "1"]
[TimeControl "40/5400+30:1800+30"]

1. e4 c6 2. d4 d5 3. exd5 cxd5 4. Nf3 Nc6 5. c4 Nf6 6. h3 dxc4 7. Bxc4 e6 8. O-O Be7 9. Nc3 O-O 10. a3 b6 {[%emt 0:08:07] D26: Queen's Gambit Accepted: 4 e3 e6 5 Bxc5 c5 sidelines.} 11. Re1 Bb7 12. Ba2 Rc8 13. Bf4 Na5 {[%emt 0:06:53][%cal Oe7a3] [#]} 14. Qd3 $146 ({Predecessor:} 14. Rc1 Nc4 15. Qe2 Nh5 16. Bh2 Nxb2 17. Qxb2 Bxf3 18. gxf3 Qxd4 19. Re4 {½-½ (54) Ollek,K (2212)-Philippeit,B (2328) ICCF email 2015}) 14... Nd5 15. Bb1 {[%emt 0:03:11][%csl Gb1][%cal Rd3h7] [#]} f5 (15... g6 $5 16. Bh6 Re8 $11) 16. Ne2 Nc4 17. Ba2 b5 18. Ne5 Bd6 19. Qg3 Bxe5 20. Bxe5 {[%emt 0:02:47][%csl Ge5][%cal Rg3g7] [#]} Rf7 ({Don't take} 20... Nxe5 21. Qxe5 Kh8 22. Bxd5 (22. Qxe6 Rc7 $14) 22... Bxd5 23. Nf4 $16) 21. Rac1 a6 22. Rc2 Qf8 23. Bxc4 bxc4 24. Nf4 Nxf4 25. Qxf4 Bd5 26. Rc3 Rd8 27. Rg3 Rdd7 28. h4 Qc8 29. h5 Kf8 30. Rc1 {[%emt 0:18:40][%cal Be1c1,Bc1c2,Bc2e2][%mdl 32] And now h6 would win.} Qb7 31. Qd2 Ke8 (31... Kg8 $11) 32. h6 {[%emt 0:03:01] aiming for b3.} g6 33. Rgc3 Rd8 34. f3 Qb5 35. R1c2 Rb7 36. Qg5 {[%emt 0:00:28][%cal Ob2b3] Strongly threatening b3!} Qd7 37. Re2 Rc8 38. Qf4 Rc6 39. Qg5 Qe7 40. Bf6 Qd6 41. Rec2 a5 42. Qd2 Kf7 43. Be5 Qd8 44. Bf4 Rcb6 45. Qf2 (45. Be3 $11 {should be considered.}) 45... Qf6 (45... g5 $1 $15 46. Be5 Qf8) 46. Qd2 $11 Qd8 47. Bg5 Qb8 48. Bf4 $36 {[%emt 0:00:33][%mdl 2048] White is pushing.} Qd8 49. Bg3 Qf6 (49... g5 $5 ) 50. Be5 {[%emt 0:00:59] The position is equal.} Qh4 51. Qc1 Rxb2 52. Rxb2 Rxb2 53. Qxb2 Qe1+ {Weighted Error Value: White=0.07 (flawless) /Black=0.06 (flawless)} 1/2-1/2

[Event "79th LOTTO Polish-ch 2022"]
[Site "Kruszwica"]
[Date "2022.05.12"]
[Round "2.2"]
[White "Tomczak, Jacek"]
[Black "Socko, Bartosz"]
[Result "0-1"]
[ECO "B11"]
[WhiteElo "2584"]
[BlackElo "2636"]
[Annotator "TA"]
[PlyCount "76"]
[EventDate "2022.05.10"]
[EventType "k.o."]
[EventCountry "POL"]
[SourceTitle "playchess.com"]
[Source "ChessBase"]
[SourceQuality "1"]
[TimeControl "40/5400+30:1800+30"]

1. e4 c6 2. Nc3 d5 3. Nf3 Bg4 4. h3 Bxf3 5. Qxf3 e6 6. Be2 Nf6 {[%emt 0:05:19] B11: Caro-Kann: Two Knights Variation.} 7. O-O Be7 8. Rd1 d4 {[%emt 0:00:04] The position is equal.} 9. Nb1 O-O 10. d3 c5 {[%emt 0:02:24] [#]} 11. Qg3 $146 ({Predecessor:} 11. h4 Nc6 12. Qh3 e5 13. c3 Rc8 14. Na3 Qd7 15. Qxd7 Nxd7 16. g3 Rfd8 17. Kg2 {1-0 (72) Grandelius,N (2651)-Shuvalova,P (2454) Chess.com INT 2020}) 11... Nc6 12. e5 Ne8 13. c4 (13. Nd2 $14) 13... f6 14. exf6 Bd6 15. Bf4 Bxf4 (15... e5 $5 16. Bg5 Nxf6 $11) 16. Qxf4 gxf6 17. Nd2 e5 18. Qh4 Nd6 19. Rab1 Kh8 20. a3 Ne7 21. Bh5 Qd7 22. Ne4 Ndf5 23. Qg4 ({Wrong is} 23. Nxc5 $2 Qc8 24. Qe4 Nd6 $19) (23. Nxf6 $2 Qe6 24. Qe4 Qxf6 $19) 23... Qc6 24. Kh2 (24. Ng3 $14 Rg8 25. Qf3) 24... Ng7 $15 {[%emt 0:03:57] aiming for ...f5. Pair of Knights!} 25. Qe2 f5 26. Ng3 Qc7 27. Bf3 (27. Kg1 $1 $11) 27... Rae8 28. b4 cxb4 29. Rxb4 (29. axb4 $11 {is more appropriate.} Ng6 30. Ra1) 29... b6 $1 30. Rb5 {[%emt 0:01:37] [#]} Ng6 31. Re1 Ne6 32. Qd2 {[%emt 0:03:50] [#]} (32. Bh5 $17) 32... Nc5 $1 $19 33. Bh5 (33. Rd1 {is a better defense.}) 33... Re6 34. Qh6 (34. Bxg6 $142 Rxg6 35. Rg1) 34... Qe7 35. Bxg6 $2 (35. Qd2 {was worth a try.}) 35... Rxg6 {[%emt 0:00:06] Black is clearly winning.} ({Weaker is} 35... Nxd3 36. Qd2 Nxe1 37. Bxf5 $16) 36. Rxe5 (36. Qh5 $142 Nxd3 37. Rf1) 36... Qd6 ({Less strong is} 36... Rxh6 37. Rxe7 f4 38. Ne4 $16) 37. Qf4 Nxd3 38. Qxf5 Rxf5 {[%emt 0:00:45] Weighted Error Value: White=0.42/Black=0.09 (flawless)} 0-1

[Event "79th LOTTO Polish-ch 2022"]
[Site "Kruszwica"]
[Date "2022.05.12"]
[Round "2.2"]
[White "Gumularz, Szymon"]
[Black "Warakomski, Tomasz"]
[Result "1/2-1/2"]
[ECO "D37"]
[WhiteElo "2513"]
[BlackElo "2534"]
[Annotator "TA"]
[PlyCount "83"]
[EventDate "2022.05.10"]
[EventType "k.o."]
[EventCountry "POL"]
[SourceTitle "playchess.com"]
[Source "ChessBase"]
[SourceQuality "1"]
[TimeControl "40/5400+30:1800+30"]

1. d4 Nf6 2. Nf3 d5 3. c4 e6 4. Nc3 dxc4 5. e4 b5 (5... Bb4 $5 ) 6. e5 {[%emt 0:00:42] D24: Queen's Gambit Accepted: 3 Nf3 Nf6 4 Nc3.} Nd5 7. Nxb5 Nb6 8. Be2 {[%emt 0:00:32] White is slightly better.} Be7 9. Be3 Nc6 10. a3 {[%emt 0:04:50] White is more active.} O-O 11. Qc2 Rb8 12. Nc3 Na5 13. Rd1 Bb7 14. h4 $1 {[%emt 0:06:08] [#]} Nd5 $146 ({Predecessor:} 14... f5 15. exf6 Bxf6 16. Ng5 Bxg5 17. hxg5 g6 18. Ne4 Bxe4 19. Qxe4 Qd5 20. Qh4 Rf7 {1-0 (28) Rustemov,A (2525)-Farmani Anosheh,A (2345) Chess.com INT 2022}) 15. Bd2 Nb3 16. Bxc4 ({Of course not} 16. Nxd5 exd5 17. Bc3 (17. Ng5 g6 $15) 17... h6 $15) 16... Nxd2 17. Qxd2 ({Stronger than} 17. Kxd2 Nb6 18. Bb3 Bxf3 19. gxf3 Qxd4+ 20. Kc1 Qxe5 $19) 17... Nb6 18. Ba2 (18. Bd3 $14) 18... Bxf3 19. gxf3 Qd7 20. Qc2 {[%emt 0:15:44] Against Na4} Qc6 {[%emt 0:11:21] [#]} ({Better is} 20... Nd5 $14) 21. Qe4 (21. Rh3 $1 $16) 21... Qxe4+ $11 22. fxe4 Nd7 23. Na4 c5 24. f4 {[%emt 0:01:02] Strongly threatening d5.} (24. d5 $5 Nxe5 25. f4 Nf3+ 26. Kf2 $11) 24... cxd4 25. Rxd4 Nc5 {[%emt 0:00:24] [#] aiming for ...Nxa4.} 26. Rh2 $1 Rfc8 {[%emt 0:02:17] White must now prevent ...Nxa4.} 27. Nxc5 Bxc5 28. Rd3 Rd8 29. Rxd8+ Rxd8 $14 {[%emt 0:00:04][%mdl 4096] Endgame KRB-KRB} 30. Rc2 Be3 31. f5 Re8 32. fxe6 ({White should try} 32. Rc6 $16) 32... fxe6 33. Rc6 (33. Ke2 $5 Bd4 34. Rc7 $14) 33... Kf7 34. Ra6 {[%emt 0:00:17] The position is equal.} Re7 35. Ke2 Bd4 36. b4 Bxe5 37. Kf3 h5 38. b5 Kf6 39. a4 Bd4 40. Kf4 Be5+ 41. Kf3 Bd4 42. Kf4 {[%emt 0:01:20] Weighted Error Value: White=0.09 (flawless) /Black=0.09 (flawless)} 1/2-1/2

[Event "79th LOTTO Polish-ch 2022"]
[Site "Kruszwica"]
[Date "2022.05.12"]
[Round "2.2"]
[White "Nasuta, Grzegorz"]
[Black "Kosakowski, Jakub"]
[Result "1-0"]
[ECO "C50"]
[WhiteElo "2511"]
[BlackElo "2435"]
[Annotator "TA"]
[PlyCount "77"]
[EventDate "2022.05.10"]
[EventType "k.o."]
[EventCountry "POL"]
[SourceTitle "playchess.com"]
[Source "ChessBase"]
[SourceQuality "1"]
[TimeControl "40/5400+30:1800+30"]

1. e4 e5 2. Nf3 Nc6 3. Bc4 Bc5 4. O-O Nf6 5. d3 d6 6. c3 a5 {[%emt 0:00:42] 6...a5 is a critical line. C54: Giuoco Piano: 4 c3 Nf6, main lines with 5 d4 and 5 d3.} 7. Re1 (7. Bg5 $5 ) 7... O-O 8. h3 h6 {[%emt 0:00:35] The position is equal.} 9. Bb3 Re8 10. d4 Bb6 11. Bc2 exd4 12. cxd4 Nb4 $1 13. Nc3 Nxc2 14. Qxc2 d5 15. e5 Ne4 16. Be3 ({Of course not} 16. Nxe4 Bf5 $15) 16... Bf5 17. Nd2 {[%emt 0:00:29] [#]} Qd7 $146 ({Predecessor:} 17... Bg6 18. Ndxe4 dxe4 19. Rad1 Ra6 20. Qb3 Qd7 21. Na4 Bf5 22. Rd2 Qe7 23. Rc1 Rd8 {½-½ (38) Haria,R (2490)-Adams,M (2700) London 2021}) 18. Ndxe4 dxe4 19. Nxe4 Bg6 20. Rad1 Qd5 21. f3 Qxa2 {[%emt 0:03:21] [#]} 22. d5 $1 {[%emt 0:10:36][%cal Oe5e6] White is much more active.} Rxe5 (22... a4 $16 {keeps fighting.}) 23. Bxb6 $18 {[%emt 0:00:07][%mdl 64] Overworked Piece} cxb6 24. d6 Rc5 (24... Bxe4 $142 25. Rxe4 Rxe4 26. Qxe4 Qb3) 25. Qd2 Rcc8 26. Nc3 Qc4 27. Nd5 Rd8 28. Nxb6 Qc5+ 29. Qe3 Qxe3+ 30. Rxe3 Ra6 {[%emt 0:00:07] [#]} 31. d7 $1 {[%emt 0:02:09] Hoping for Re8+.} Kf8 {[%emt 0:00:10] [#] Prevents Re8+.} 32. Rc1 $1 {[%emt 0:00:55] White wants to mate with Rc8.} Bf5 (32... Rxb6 $2 33. Rc8 Re6 34. Rxe6 fxe6 35. Rxd8+ Ke7 36. Rg8 Kxd7 37. Rxg7+ Kd6 38. Rxg6 $18) 33. Rc8 $1 Rxc8 34. dxc8=Q+ ({Resist} 34. dxc8=R+ Bxc8 35. Nxc8 Rc6 $18) 34... Bxc8 35. Nxc8 {[%emt 0:00:05] KRN-KR} Rc6 {[%emt 0:00:03] [#]} 36. Na7 Rb6 37. b3 Re6 $2 (37... g6 38. Kf2 f5) 38. Kf2 {[%emt 0:00:38] aiming for Rxe6.} Ke7 39. Nb5 {[%emt 0:00:08] Weighted Error Value: White=0.11 (very precise) /Black=0.22 (precise)} 1-0

[Event "79th LOTTO Polish-ch 2022"]
[Site "Kruszwica"]
[Date "2022.05.12"]
[Round "2.2"]
[White "Licznerski, Lukasz"]
[Black "Sabuk, Piotr"]
[Result "1-0"]
[ECO "B13"]
[WhiteElo "2439"]
[BlackElo "2420"]
[Annotator "TA"]
[PlyCount "89"]
[EventDate "2022.05.10"]
[EventType "k.o."]
[EventCountry "POL"]
[SourceTitle "playchess.com"]
[Source "ChessBase"]
[SourceQuality "1"]
[TimeControl "40/5400+30:1800+30"]

1. e4 c6 2. d4 d5 3. exd5 cxd5 4. Bd3 Nc6 5. c3 Nf6 6. h3 g6 7. Bf4 Bf5 {[%emt 0:00:36] B13: Caro-Kann: Exchange Variation and Panov-Botvinnik Attack.} 8. Be2 e6 9. Nd2 h5 {[%emt 0:01:20] The position is equal.} 10. Ngf3 Bd6 11. Bg5 Be7 {[%emt 0:03:52] [#]} 12. Nh4 $146 ({Predecessor:} 12. O-O Nd7 13. Bxe7 Qxe7 14. c4 Nf6 15. cxd5 Nxd5 16. Bb5 Rc8 17. Ne5 Ndb4 18. Rc1 {1-0 (45) Ali,M (2399)-Gholami,A (2513) Tornelo INT 2021}) 12... Ne4 13. Bxe7 Qxe7 14. Nxf5 exf5 15. h4 Kf8 16. Nxe4 fxe4 (16... Qxe4 17. O-O $11) 17. Qd2 Kg7 18. O-O-O Rab8 19. Kb1 b5 20. b4 (20. g3 $15) 20... a5 $17 21. a3 Na7 ({Black should try} 21... Qa7 $17 {aiming for ...axb4.} 22. Kb2 Qe7) 22. Qg5 $11 Qxg5 23. hxg5 Nc8 24. Rh4 (24. bxa5 $11 {remains equal.} Ra8 25. Bxb5) 24... Nd6 $17 25. Rf4 Kf8 26. Kb2 f5 27. bxa5 Ra8 (27... Ke7 {feels hotter.} 28. Kb3 Nc4 29. Kb4 Kd6) 28. a4 bxa4 29. a6 Ke7 (29... Rb8+ $15 30. Kc2 (30. Ka3 Kf7 $17) 30... a3) 30. Ra1 $1 $11 Rhb8+ 31. Kc2 Nc4 32. Bxc4 dxc4 33. Rxa4 {[%emt 0:00:19][%mdl 4096] Endgame KRR-KRR} Rb6 34. a7 (34. Rxc4 Raxa6 35. Rb4 Rxb4 36. cxb4 Kd6 $17) 34... Rb7 35. f3 $1 (35. Rxc4 Raxa7 36. Rb4 Rxb4 37. cxb4 Kd6 $17) 35... e3 36. g4 e2 (36... Raxa7 37. Rxa7 Rxa7 38. gxf5 gxf5 39. Kd1 (39. Rxf5 h4 $17)) 37. Kd2 {[%emt 0:00:37] [#] Hoping for gxh5.} Rb2+ $2 {[%emt 0:03:46] Black cannot hold the game after this.} (37... fxg4 $11 {and Black stays safe.} 38. fxg4 h4) 38. Ke1 $18 hxg4 39. fxg4 fxg4 {[%emt 0:03:58] Strongly threatening ...g3.} 40. Re4+ ({Don't blunder} 40. Rxc4 $2 Rxa7 41. Re4+ Kd6 42. Rxe2 Ra1+ 43. Kf2 g3+ 44. Kxg3 Rxe2 $19) 40... Kd6 $2 {[%emt 0:00:00] [#]} (40... Kd7 41. Rxe2 (41. Rxg4 Rf8 $14) 41... Rb3) 41. Rxe2 Rb7 (41... Rb5 $18 42. Ra6+ Kd7) 42. Ra6+ {[%emt 0:05:13] White mates.} Kd7 43. Rh2 Rb1+ 44. Kf2 Kc8 45. Rh7 {[%emt 0:00:28] Weighted Error Value: White=0.10 (very precise) /Black=0.47} 1-0

[Event "79th LOTTO Polish-ch 2022"]
[Site "Kruszwica"]
[Date "2022.05.12"]
[Round "2.2"]
[White "Szpar, Milosz"]
[Black "Janik, Igor"]
[Result "1/2-1/2"]
[ECO "C47"]
[WhiteElo "2434"]
[BlackElo "2525"]
[Annotator "TA"]
[PlyCount "56"]
[EventDate "2022.05.10"]
[EventType "k.o."]
[EventCountry "POL"]
[SourceTitle "playchess.com"]
[Source "ChessBase"]
[SourceQuality "1"]
[TimeControl "40/5400+30:1800+30"]

1. e4 e5 2. Nf3 Nc6 3. Nc3 Nf6 4. d4 exd4 5. Nxd4 Bb4 6. Nxc6 bxc6 7. Bd3 d5 8. Bd2 O-O 9. O-O {[%emt 0:01:18] The position is equal.} Rb8 {[%emt 0:07:11] C47: Scotch Four Knights and Four Knights with 4 g3.} 10. Re1 Re8 {[%emt 0:10:22] 10...Bg4 is more fashionable.} 11. exd5 Rxe1+ 12. Qxe1 cxd5 13. a3 Bf8 14. b4 c5 15. bxc5 Bxc5 16. Be3 Bb6 17. Bxb6 Rxb6 18. Rb1 Be6 {[%emt 0:03:51] [#]} 19. Rb4 $146 ({Predecessor:} 19. Ne2 Ng4 20. Rxb6 Qxb6 21. h3 Ne5 22. Nf4 Nd7 23. Qc3 Qc5 24. Qxc5 Nxc5 25. Kf1 {½-½ (42) Michalik,P (2568)-Oparin,G (2681) Warsaw 2021}) 19... a5 20. Rb5 Rxb5 21. Nxb5 Bd7 22. Nd4 Qb6 23. Qc3 g6 24. h3 Qb1+ 25. Kh2 Qb8+ 26. Kg1 Qb1+ 27. Kh2 Qb8+ 28. Kg1 Qb1+ {A balanced but interesting game.  Weighted Error Value: White=0.02 (flawless) /Black=0.01 (flawless)} 1/2-1/2

[Event "79th LOTTO Polish-ch 2022"]
[Site "Kruszwica"]
[Date "2022.05.12"]
[Round "2.3"]
[White "Piorun, Kacper"]
[Black "Teclaf, Pawel"]
[Result "1/2-1/2"]
[ECO "A30"]
[WhiteElo "2635"]
[BlackElo "2537"]
[Annotator "TA"]
[PlyCount "165"]
[EventDate "2022.05.10"]
[EventType "k.o."]
[EventCountry "POL"]
[SourceTitle "playchess.com"]
[Source "ChessBase"]
[SourceQuality "1"]
[TimeControl "40/5400+30:1800+30"]

1. c4 c5 2. Nf3 b6 3. g3 Bb7 4. Bg2 g6 5. d4 cxd4 6. Qxd4 Nf6 7. Nc3 d6 8. O-O Nbd7 9. b3 Bg7 10. Bb2 O-O 11. Qd2 Rc8 12. Rfd1 {[%emt 0:01:04] A30: Symmetrical English: Double Fianchetto and Hedgehog.} Rc5 {[%emt 0:00:40] [#]} 13. Nh4 $146 ({Predecessor:} 13. Ne1 Qa8 14. Bxb7 Qxb7 15. Nd3 Rcc8 16. Nf4 Rfe8 17. Nfd5 a6 18. Rac1 Rcd8 19. Nxf6+ Nxf6 {1-0 (34) Peng,L (2498)-Chigaev,M (2632) Warsaw 2021}) 13... Qa8 14. Bxb7 Qxb7 15. Ng2 ({Of course not} 15. Nd5 Nxd5 16. cxd5 (16. Bxg7 Kxg7 17. cxd5 Nf6 $17) 16... Bxb2 17. Qxb2 Nf6 $17) 15... Ne4 16. Nxe4 Qxe4 17. Bxg7 Kxg7 18. Ne3 (18. Nf4 {is interesting.} Rd8 19. f3 Qb7 20. a4) 18... Nf6 19. f3 Qe5 20. b4 Rc6 21. Rab1 h5 22. Qd4 Qxd4 23. Rxd4 Rfc8 24. Rd3 Kf8 25. Ra3 R6c7 26. Nd5 (26. Kf2 $11) 26... Nxd5 $15 27. cxd5 {[%emt 0:00:23][%mdl 4096] Endgame KRR-KRR} Rc2 28. Kf2 Rd2 29. Rxa7 Rcc2 30. Re1 Rxd5 31. a4 Rd4 32. b5 Rb4 33. Ra6 Kg7 34. h4 Kf6 35. Ra1 $1 Rbb2 36. Re1 {[%emt 0:00:47] [#]} (36. Ke3 $1 $11 {remains equal.}) 36... Ra2 $1 $17 37. Rxb6 Rxa4 38. Rb7 Rb4 39. b6 Rbb2 40. Rb8 Rc6 41. Rd1 Rcxb6 42. Ra8 Rc2 43. Ra4 e6 44. Rf4+ Kg7 45. Re4 d5 46. Re3 Kf6 47. Ra1 {[%emt 0:00:34] [#]} Rbb2 (47... d4 $142 $1 48. Re4 d3) 48. Rd1 Rd2 49. Rxd2 Rxd2 {[%emt 0:00:21] KR-KR} 50. Ra3 Kf5 51. Ra7 f6 52. Ra5 Rb2 53. Kf1 Ke5 54. Kf2 Rb7 55. Kf1 g5 56. hxg5 fxg5 57. Ra8 h4 (57... Rh7 $15) 58. gxh4 $1 $11 gxh4 59. Rh8 {[%emt 0:00:23] Against Rh7} Rb4 ({Don't play} 59... Rb1+ $6 60. Kg2 $17) 60. Kf2 Rc4 61. Ke3 Kf5 62. Kf2 Ra4 63. Ke3 Kg5 64. Rg8+ Kf6 65. Rh8 Kg7 66. Rh5 Kg6 67. Rh8 e5 68. Kf2 Rf4 69. Re8 Kf6 70. Rh8 Kg6 71. Kg2 d4 72. Kh3 {[%emt 0:00:26] The position is equal.} e4 73. fxe4 Rxe4 {[%emt 0:00:30] aiming for ...Kg5.} 74. Rxh4 Re3+ 75. Kg2 Rxe2+ 76. Kf3 Rd2 77. Ke4 Kg5 78. Rh8 Rd1 79. Rd8 Re1+ 80. Kd3 Rd1+ 81. Ke4 Re1+ 82. Kd3 Rd1+ 83. Ke4 {Weighted Error Value: White=0.08 (flawless) /Black=0.06 (flawless)} 1/2-1/2